 Dungeon Crawl Stone Soup version 0.31.0-9-g3a7656b989 (webtiles) character file.

Game seed: 6774873781270721213

331 qw the Shooter (level 6, -6/48 HPs)
             Began as a Demigod Hunter on Feb 2, 2024.
             Succumbed to Eustachio's poison
             ... on level 4 of the Dungeon.
             The game lasted 00:00:10 (2142 turns).

qw the Shooter (Demigod Hunter)                     Turns: 2142, Time: 00:00:10

Health: -6/48      AC:  7    Str: 12    XL:     6   Next: 5%
Magic:  8/8        EV: 11    Int: 11    God:
Gold:   85         SH:  0    Dex: 25    Spells: 5/5 levels left

rFire   . . .        a - +0 shortbow
rCold   . . .        (shield currently unavailable)
rNeg    . . .        d - +0 ring mail
rPois   .            (no helmet)
rElec   .            (no cloak)
rCorr   .            (no gloves)
SInv    .            n - +1 pair of boots
Will    +....        (no amulet)
Stlth   ++           g - ring of willpower
HPRegen 0.28/turn    (no ring)
MPRegen 0.11/turn

%: no passive effects
@: lethally poisoned (-6 -> -30), about to teleport
A: high MP 1, forlorn, divine attributes
a: no special abilities


You were on level 4 of the Dungeon.
You visited 1 branch of the dungeon, and saw 4 of its levels.

You collected 143 gold pieces.
You spent 58 gold pieces at shops.


Innate Abilities, Weirdness & Mutations

You have an increased reservoir of magic. (+10% MP)
You shall have no god before yourself.
Your divine heritage dramatically boosts your attributes as you level up.


   Skills:
 + Level 2.0 Fighting
 - Level 6.5 Ranged Weapons
 - Level 1.6 Armour
 - Level 2.0 Dodging
 - Level 0.8 Stealth


You had 5 spell levels left.
You didn't know any spells.
Your spell library was empty.

Inventory:

Hand Weapons
 a - a +0 shortbow (weapon)
Armour
 d - a +0 ring mail (worn)
 n - a +1 pair of boots (worn)
Jewellery
 g - a ring of willpower (left hand)
Scrolls
 c - a scroll of identify
Potions
 b - a potion of enlightenment
 i - a potion of curing

Dungeon Overview and Level Annotations

Branches:
Dungeon (4/15)
 Temple: D:4-7

Shops:
D:3 [

Annotations:
D:4 Eustachio


Message History

Eustachio blinks!
The bat barely misses you.
You shoot an arrow.
The arrow hits Eustachio but does no damage.
Eustachio is moderately wounded.
The bat hits you but does no damage. Eustachio completely misses you.
You shoot an arrow. The arrow hits Eustachio.
Eustachio is moderately wounded.
The bat barely misses you. The bat closely misses you.
Eustachio hits you with a +4 rapier of venom!
You shoot an arrow. The arrow hits Eustachio.
Eustachio is moderately wounded.
The bat closely misses you. x2; The bat barely misses you.
Eustachio hits you but does no damage.
You are poisoned.
You shoot an arrow. The arrow barely misses Eustachio.
You feel very sick. The bat closely misses you.
Eustachio hits you but does no damage.
You are more poisoned.
The bat barely misses you.
You shoot an arrow. The arrow hits Eustachio.
Eustachio is heavily wounded.
You feel very sick. The bat hits you but does no damage. x2
Eustachio hits you with a +4 rapier of venom!
You are lethally poisoned!
The bat barely misses you.
You shoot an arrow. The arrow closely misses Eustachio.
You feel extremely sick. The bat closely misses you. The bat barely misses you.
Eustachio hits you with a +4 rapier of venom.
You are more poisoned.
Eustachio barely misses you.
2141 ||| READING scroll of teleportation.
As you read the scroll of teleportation, it crumbles to dust.
You feel strangely unstable.
You feel very sick. The bat hits you but does no damage.
Eustachio barely misses you.
You shoot an arrow. The arrow hits Eustachio.
Eustachio is heavily wounded.
You die...

#..# #.#
#..# #.#
#..# #.#
#..#
#.#########
#..#
#<.........
#..#
#.#####.#..
#..# ####.#
#.#.. #.b#
#....# #.#.#
#.@###.##.#
#.#.#
##@..#...#.#
#.#.#
#.###......#
#.#.# #....#
#....###
#.#.# ##.#.#
#.#.## #.#
#.##...##.#
#.# # #..#
#.# #.# #..
#.# #.. #.#


You could see Eustachio and a bat (summoned).

Vanquished Creatures
  Sigmund (D:4)
  A bombardier beetle (D:3)
  An orc priest (D:3)
  2 adders
  A dart slug (D:3)
  3 ribbon worms
  5 orcs
  11 bats
  5 endoplasms
  2 giant cockroaches
  5 goblins
  9 hobgoblins
  3 jackals (D:1)
  5 kobolds
  9 quokkas
  4 ball pythons
  3 frilled lizards
  8 rats
78 creatures vanquished.

Notes
Turn   | Place    | Note
-------+----------+-------------------------------------------
     0 | D:1      | qw the Demigod Hunter began the quest for the Orb.
     0 | D:1      | Reached XP level 1. HP: 17/17 MP: 3/3
     0 | D:1      | 0 ||| qw: Version: 0.3-a-155-g5e7d8dd
     0 | D:1      | 0 ||| qw: Game counter: 206
     0 | D:1      | 0 ||| qw: Melee chars always use a shield: true
     0 | D:1      | 0 ||| qw: God list: Okawaru
     0 | D:1      | 0 ||| qw: Allow faded altars: false
     0 | D:1      | 0 ||| qw: Do Orc after clearing Dungeon:15 true
     0 | D:1      | 0 ||| qw: Do second Lair branch before Depths: true
     0 | D:1      | 0 ||| qw: Lair rune preference: random
     0 | D:1      | 0 ||| qw: Goals: Normal
     0 | D:1      | 0 ||| PLANNING D:1-11
    53 | D:1      | 53 ||| RETREEEEATING.
    54 | D:1      | 54 ||| RETREEEEATING.
    55 | D:1      | 55 ||| RETREEEEATING.
    56 | D:1      | 56 ||| RETREEEEATING.
    57 | D:1      | 57 ||| RETREEEEATING.
    58 | D:1      | 58 ||| RETREEEEATING.
    71 | D:1      | Reached skill level 4 in Ranged Weapons
    80 | D:1      | Reached XP level 2. HP: 10/24 MP: 4/4
   310 | D:1      | Reached XP level 3. HP: 28/29 MP: 5/5
   593 | D:1      | 593 ||| UPGRADING to +0 ring mail.
   603 | D:1      | 603 ||| DROPPING +0 leather armour.
   604 | D:1      | 604 ||| READING 3 scrolls labelled UQOERY GEDUI.
   604 | D:1      | 604 ||| IDENTIFYING scroll labelled MOATSOU USAE
   605 | D:1      | 605 ||| DROPPING scroll of butterflies.
   842 | D:2      | Reached skill level 5 in Ranged Weapons
  1106 | D:2      | 1106 ||| UPGRADING to ring of willpower.
  1107 | D:2      | 1107 ||| READING 2 scrolls of identify.
  1107 | D:2      | 1107 ||| IDENTIFYING brown potion
  1108 | D:2      | 1108 ||| READING scroll of identify.
  1108 | D:2      | 1108 ||| IDENTIFYING fizzy white potion
  1109 | D:2      | 1109 ||| READING scroll labelled DOUB MIALL.
  1110 | D:2      | 1110 ||| DROPPING potion of attraction.
  1155 | D:3      | Reached skill level 1 in Armour
  1155 | D:3      | Reached XP level 4. HP: 36/36 MP: 6/6
  1540 | D:3      | Reached XP level 5. HP: 34/41 MP: 7/7
  1676 | D:3      | Found Ewic Fig's Armour Shop.
  1680 | D:3      | 1680 ||| BUYING +0 pair of boots (58 gold).
  1680 | D:3      | Bought a +0 pair of boots for 58 gold pieces
  1680 | D:3      | 1680 ||| SHOPLISTING +0 robe of Dishonesty {Rampage
                  | *Corrode rF+ Dex+4} (227 gold, have 64).
  1819 | D:3      | 1819 ||| UPGRADING to +0 pair of boots.
  1824 | D:3      | 1824 ||| READING 4 scrolls of identify.
  1824 | D:3      | 1824 ||| IDENTIFYING golden potion
  1825 | D:3      | 1825 ||| READING 3 scrolls of identify.
  1825 | D:3      | 1825 ||| IDENTIFYING metallic purple potion
  1826 | D:3      | 1826 ||| READING 2 scrolls of identify.
  1826 | D:3      | 1826 ||| IDENTIFYING purple potion
  1827 | D:3      | 1827 ||| READING scroll of identify.
  1827 | D:3      | 1827 ||| IDENTIFYING bubbling green potion
  1828 | D:3      | 1828 ||| READING scroll labelled OCWIL PILOY.
  1829 | D:3      | 1829 ||| READING scroll labelled XAPNAFIDECH.
  1830 | D:3      | 1830 ||| READING scroll labelled JETZOS POT.
  1830 | D:3      | 1830 ||| ENCHANTING +0 pair of boots.
  1831 | D:3      | 1831 ||| DROPPING potion of degeneration.
  1832 | D:3      | 1832 ||| DROPPING potion of brilliance.
  1833 | D:3      | 1833 ||| DROPPING potion of magic.
  1835 | D:3      | 1835 ||| Stepping ~*~*~tactically~*~*~ (cloud).
  2012 | D:4      | Noticed Sigmund
  2021 | D:4      | Killed Sigmund
  2022 | D:4      | Reached skill level 6 in Ranged Weapons
  2022 | D:4      | Reached XP level 6. HP: 35/48 MP: 8/8
  2126 | D:4      | Noticed Eustachio
  2132 | D:4      | 2132 ||| FLEEEEING.
  2133 | D:4      | 2133 ||| FLEEEEING.
  2140 | D:4      | HP: 10/48 [poisoned by Eustachio]
  2141 | D:4      | 2141 ||| READING scroll of teleportation.
  2141 | D:4      | HP: 1/48 [poisoned by Eustachio]
  2142 | D:4      | Succumbed to Eustachio's poison

Levels and vault maps discovered:
D:1:      tarquinn_simple_flora_water_b, layout_basic, serial_forest,
          infiniplex_forest_lined_3, infiniplex_forest_lined_4_way,
          infiniplex_forest_clump_medium, infiniplex_forest_clump_small,
          infiniplex_forest_lined_ring, minmay_close_crescents
D:2:      layout_rooms, minmay_cupped
D:3:      layout_loops_ring, mainiacjoe_overflow_tiny_flanked,
          amethyst_overflow_temple_binary, serial_shops,
          nicolae_shop_back_alley_shop, ebering_ecumenical_altar_box
D:4:      layout_loops_ring, uniq_eustachio, uniq_pikel, uniq_sigmund

Skill      XL: |  1  2  3  4  5 |
---------------+----------------+-----
Ranged Weapons | 4 5 6 |  6.5
Fighting       | 2 |  2.0
Dodging        | 2 |  2.0
Armour         | 1 |  1.6
Stealth        | |  0.8

Action                     |  1- 3 |  4- 6 || total
---------------------------+-------+-------++-------
   Fire: Shortbow          |   148 |    83 ||   231
    Use: Scroll            |     4 |     8 ||    12
 Armour: Leather armour    |    27 |       ||    27
         Ring mail         |     5 |    24 ||    29
  Dodge: Dodged            |    47 |    26 ||    73

Table legend:
 A = Non-vault XP
 B = Vault XP
 C = Vault XP percentage of total XP
 D = Non-vault monster count
 E = Vault monster count
 F = Vault count percentage of total count
                 A         B        C        D         E       F
            +---------+---------+-------+---------+---------+-------
      Total |     238 |     235 |  49.7 |      70 |       8 |  10.3
            +---------+---------+-------+---------+---------+-------
        D:1 |      52 |       7 |  11.9 |      30 |       4 |  11.8
        D:2 |      46 |       5 |   9.8 |      19 |       3 |  13.6
        D:3 |     129 |       0 |   0.0 |      17 |       0 |   0.0
        D:4 |      11 |     223 |  95.3 |       4 |       1 |  20.0
            +---------+---------+-------+---------+---------+-------
